 Dungeon Crawl Stone Soup version 0.26-a0-610-g3e9335bbc7 (webtiles) character file.

Game seed: 11440160350878601507

186 Descartes the Skirmisher (level 5, -10/48 HPs)
             Began as a Palentonga Warper on Sept 2, 2020.
             Mangled by an ogre
             ... wielding a +0 giant club
              (14 damage)
             ... on level 3 of the Dungeon on Sept 3, 2020.
             The game lasted 00:13:22 (2955 turns).

Descartes the Skirmisher (Palentonga Warper)        Turns: 2955, Time: 00:13:23

Health: -10/48     AC:  4    Str: 14    XL:     5   Next: 38%
Magic:  9/9        EV: 10    Int: 14    God:
Gold:   156        SH:  0    Dex: 10    Spells: 7/9 levels left

rFire    . . .     SeeInvis +   a - +0 falchion
rCold    . . .     Faith    .   (no shield)
rNeg     + . .     Spirit   .   b - +0 leather armour
rPois    .         Reflect  .   (no helmet)
rElec    .         Harm     .   (no cloak)
rCorr    .                      (no gloves)
MR       +....                  (no barding)
Stlth    +.........             (no amulet)
HPRegen  0.16/turn              g - ring of positive energy
MPRegen  0.11/turn              p - ring of protection from magic

@: no status effects
A: large, rugged brown scales 3, see invisible, deformed body, roll, armoured
tail
a: Rolling Charge


You were on level 3 of the Dungeon.
You visited 1 branch of the dungeon, and saw 4 of its levels.

You collected 156 gold pieces.

Inventory:

Hand Weapons
 a - a +0 falchion (weapon)
Missiles
 e - 3 boomerangs of dispersal (quivered)
 f - 54 stones
 o - 36 sling bullets
Armour
 b - a +0 leather armour (worn)
 v - a +0 plate armour
Jewellery
 g - a ring of positive energy (left hand)
 p - a ring of protection from magic (right hand)
Scrolls
 d - a scroll of blinking
 i - 2 scrolls of teleportation
 k - a scroll of immolation {unknown}
 m - a scroll of fear {unknown}
 q - 2 scrolls of amnesia {unknown}
 r - a scroll of remove curse {unknown}
 s - a scroll of random uselessness {unknown}
 u - a scroll of enchant armour
 w - 2 scrolls of enchant weapon {unknown}
Potions
 c - a potion of magic
 l - a potion of heal wounds
 n - 2 potions of flight
 t - a potion of invisibility


   Skills:
 + Level 3.1 Fighting
 + Level 3.0 Long Blades
 - Level 0.6 Throwing
 + Level 2.0 Armour
 + Level 2.4 Dodging
 + Level 2.9 Spellcasting
 - Level 3.0 Translocations


You had 7 spell levels left.
You knew the following spells:

 Your Spells              Type           Power        Failure   Level
a - Blink                 Tloc           N/A          12%         2

Your spell library contained the following spells:

 Spells                   Type           Power        Failure   Level
 Gell's Gravitas          Tloc           ##........   24%         3
 Lesser Beckoning         Tloc           ##........   24%         3
 Teleport Other           Tloc           ##......     24%         3
 Passage of Golubria      Tloc           N/A          61%         4


Dungeon Overview and Level Annotations

Branches:
Dungeon (4/15)
 Temple: D:4-7

Altars:
Ashenzari
Vehumet


Innate Abilities, Weirdness & Mutations

You are completely covered in rugged brown scales. (AC +3, +7% HP)
You have supernaturally acute eyesight. (SInv)
Armour fits poorly on your strangely shaped body.
You can roll at foes to attack.
You have a long armoured tail.


Message History

There is a stone staircase leading down here.
You hit the ogre.
You tail-slap the ogre, but do no damage.
The ogre is lightly wounded.
The ogre hits you with a +0 giant club.
You hit the ogre.
The ogre is moderately wounded.
The ogre closely misses you.
You hit the ogre but do no damage.
The ogre is moderately wounded.
The ogre hits you with a +0 giant club!!
Ouch! That really hurt!
* * * LOW HITPOINT WARNING * * *
You slash the ogre!
The ogre is heavily wounded.
The ogre barely misses you.
You hit the ogre.
The ogre is severely wounded.
The ogre hits you with a +0 giant club!
You die...

#.......##.#.#.#####.....#.#
##########.#.#.#####.#####.#
#......#.#....##.#####.#
#......#.####.##.......#
#......#.# #.##########
#........# #.....#
#........# #####.#
#......O.### #.#
#......#@..# #>#
#......#.### #.# #......#.#
#.# #......#.# #.#
########.########.#
#..........# ############


You could see an ogre.

Vanquished Creatures
  Jessica (D:2)
  7 adders
  A shadow imp (D:3)
  An ooze (D:3)
  3 worms
  2 dart slugs
  2 leopard geckos
  An orc (D:3)
  11 bats
  2 giant cockroaches (D:3)
  5 hobgoblins
  15 jackals
  5 kobolds
  A quokka (D:3)
  4 ball pythons
  2 frilled lizards (D:3)
  4 goblins
  7 rats
74 creatures vanquished.

Notes
Turn   | Place    | Note
-------+----------+-------------------------------------------
     0 | D:1      | Descartes the Palentonga Warper began the quest for the
                  | Orb.
     0 | D:1      | Reached XP level 1. HP: 18/18 MP: 3/3
    91 | D:1      | Reached skill level 1 in Armour
    93 | D:1      | Reached XP level 2. HP: 23/25 MP: 5/5
   460 | D:1      | Reached XP level 3. HP: 25/32 MP: 6/6
   920 | D:2      | Found a radiant altar of Vehumet.
  1019 | D:2      | Noticed Jessica
  1039 | D:2      | Killed Jessica
  1039 | D:2      | Reached XP level 4. HP: 24/39 MP: 7/7
  1483 | D:2      | Found a shattered altar of Ashenzari.
  2178 | D:3      | Reached XP level 5. HP: 38/48 MP: 9/9
  2547 | D:2      | Learned a level 2 spell: Blink
  2547 | D:2      | Upgraded the game from 0.26-a0-606-g3c8f2f65f7 to
                  | 0.26-a0-610-g3e9335bbc7
  2871 | D:4      | Noticed an ogre
  2955 | D:3      | Mangled by an ogre

Illustrated notes

Levels and vault maps discovered:
D:1:      sevenhm_arrival_forest_fort_small_4, layout_rooms, corner_web_ring,
          minmay_tromino_v4_b
D:2:      layout_rooms, evilmike_ruin_ashenzari, overflow_temple_1_default,
          uniq_jessica
D:3:      layout_basic
D:4:      layout_basic, old_standard_altar, nicolae_ru_path_of_blood

Skill      XL: |  1  2  3  4  5 |
---------------+----------------+-----
Armour         | 1 2 |  2.0
Dodging        | 2 |  2.4
Fighting       | 3 |  3.1
Long Blades    | 3 |  3.0
Throwing       | |  0.6
Spellcasting   | |  2.9
Translocations | |  3.0

Action                   |  1- 3 |  4- 6 || total
-------------------------+-------+-------++-------
Melee: Falchion          |    99 |   119 ||   218
       Tailslap          |     4 |    15 ||    19
       Unarmed           |       |    15 ||    15
Throw: Boomerang         |       |     2 ||     2
 Abil: Rolling Charge    |    34 |    25 ||    59
  Use: Scroll            |       |     6 ||     6
Armor: Leather armour    |    51 |    40 ||    91
Dodge: Dodged            |    50 |    78 ||   128
       Rpst.: Falchion   |    19 |    24 ||    43

Table legend: (Time is in decaauts)
 A = Elapsed time spent in this place.
 B = Non-inter-level travel time spent in this place.
 C = Inter-level travel time spent in this place.
 D = Time resting spent in this place.
 E = Time spent auto-exploring this place.
 F = Levels seen in this place.
 G = Mean time per level.
                   A        B        C        D        E       F      G
               +--------+--------+--------+--------+--------+-----+--------+
         Total |   2998 |   2856 |    142 |      0 |   2328 |   4 |  749.5 |
       Dungeon |   2998 |   2856 |    142 |      0 |   2328 |   4 |  749.5 |
               +--------+--------+--------+--------+--------+-----+--------+

Top non-repeatable levels by time:
     D:2: 1143 daAuts
     D:1: 925 daAuts
     D:3: 918 daAuts
     D:4: 11 daAuts
